AoeStats
← Lucasavend

Arena

510742240Analyzed
4v4 RM · 15h ago on Oct 2, 2026· 50m 47s· 8 players
Game mode
Random Map
Map size
Large (8 player)
Population
200
Speed
Normal
Resources
Standard
Victory
Conquest
Starting age
Dark Age
Ending age
Imperial Age
RankedLock teamsTeams togetherTeam positionsShared explorationLock speedFull tech treeHidden civsTurbo modeCheats
Victory
Defeat
🇨🇳 Shu · China
685
+12
🇦🇺 Huns · Australia
630
+14
🇹🇼 Franks · Taiwan
627
+14
🇦🇷 Japanese · Argentina
625
+13
🇦🇷 Spanish · Argentina
608
-14
🇦🇺 Danes · Australia
590
-14
🇭🇰 Franks · Hong Kong SAR China
585
-13
🇹🇷 Britons · Türkiye
555
-12
Lucasavend
0:40 Loom
12:55 Feudal Age
15:35 Wheelbarrow
23:04 Castle Age
21:17 Double-Bit Axe
23:18 Forging
24:54 Bow Saw
24:47 Horse Collar
27:22 Iron Casting
26:48 Scale Mail Armor
26:39 Gambesons
26:55 Squires
26:41 Arson
27:28 Pikeman
28:40 Heavy Plow
29:41 Chain Mail Armor
30:58 Ballistics
30:35 Murder Holes
30:33 Fletching
32:07 Bodkin Arrow
36:58 Gold Mining
36:59 Stone Mining
45:37 Imperial Age
43:23 Hand Cart
42:55 Town Watch
43:51 Gold Shaft Mining
43:59 Treadmill Crane
44:30 Masonry
44:32 Fortified Wall
45:50 Halberdier
47:47 Blast Furnace
47:18 Plate Mail Armor
49:15 Two-Man Saw
48:11 Elite Samurai
49:13 Conscription
vampire.du
12:30 Feudal Age
10:46 Loom
17:09 Castle Age
16:16 Double-Bit Axe
19:57 Gold Mining
20:50 Wheelbarrow
22:19 Bow Saw
22:50 Forging
23:02 Town Watch
26:35 Stone Mining
29:21 Imperial Age
28:57 Hand Cart
30:31 Conscription
30:18 Cavalier
35:33 Iron Casting
41:27 Pikeman
43:21 Ballistics
44:24 Paladin
45:07 Husbandry
45:13 Husbandry
46:31 Fletching
50:10 Blast Furnace
raging tom
4:37 Loom
12:47 Feudal Age
14:56 Wheelbarrow
14:23 Double-Bit Axe
17:30 Castle Age
15:40 Gold Mining
15:59 Stone Mining
16:05 Horse Collar
18:49 Bow Saw
20:28 Heavy Plow
20:56 Hand Cart
27:57 Gold Shaft Mining
27:20 Town Watch
28:19 Town Patrol
33:13 Imperial Age
32:41 Husbandry
32:52 Bloodlines
32:46 Marauders
32:59 Scale Barding Armor
33:05 Forging
34:16 Chain Barding Armor
33:59 Padded Archer Armor
34:27 Parthian Tactics
36:47 Caravan
37:15 Conscription
37:38 Plate Barding Armor
37:19 Leather Archer Armor
37:40 Iron Casting
38:19 Elite Tarkan
41:33 Two-Man Saw
40:27 Heavy Cavalry Archer
43:18 Blast Furnace
42:43 Cavalier
44:30 Guilds
43:57 Pikeman
43:58 Man-at-Arms
44:40 Scale Mail Armor
44:31 Fletching
46:13 Paladin
47:45 Chain Mail Armor
47:26 Bodkin Arrow
48:55 Coinage
47:54 Long Swordsman
47:54 Halberdier
48:35 Squires
48:20 Arson
49:01 Atheism
48:15 Sappers
48:08 Elite Skirmisher
48:09 Crossbowman
48:54 Thumb Ring
48:14 Light Cavalry
49:09 Devotion
49:21 Fervor
49:40 Illumination
49:16 Atonement
49:38 Sanctity
50:26 Ballistics
51:06 Chemistry
50:21 Masonry
49:38 Two-Handed Swordsman
49:52 Hussar
50:57 Bracer
Miky Way
11:00 Feudal Age
11:57 Double-Bit Axe
11:53 Horse Collar
16:06 Castle Age
15:54 Wheelbarrow
17:03 Bow Saw
16:54 Heavy Plow
23:09 Gold Mining
23:47 Husbandry
25:25 Hand Cart
25:31 Scale Barding Armor
28:32 Town Watch
29:58 Gold Shaft Mining
32:29 Imperial Age
30:41 Loom
31:27 Chain Barding Armor
30:34 Light Cavalry
33:48 Bolt Magazine
34:09 Conscription
34:49 Plate Barding Armor
36:35 Ballistics
37:15 Chemistry
36:28 Fortified Wall
37:25 Chemistry
36:37 Fortified Wall
37:36 Fletching
49:13 Heavy Hei Guang Cavalry
50:26 Forging
50:11 Bodkin Arrow
50:17 Padded Archer Armor
50:30 Squires
50:16 Arson
ToveLo
10:42 Feudal Age
11:10 Double-Bit Axe
12:25 Horse Collar
15:25 Gold Mining
18:57 Castle Age
17:37 Stone Mining
20:48 Bow Saw
21:31 Horse Collar
25:46 Heavy Plow
27:02 Stone Shaft Mining
28:37 Squires
30:33 Gold Shaft Mining
30:48 Wheelbarrow
30:13 Arson
32:05 Scale Mail Armor
32:15 Forging
36:33 Imperial Age
36:00 Chain Mail Armor
36:21 Iron Casting
tingchunng
11:37 Feudal Age
13:21 Double-Bit Axe
16:45 Gold Mining
21:28 Stone Mining
25:59 Scale Barding Armor
30:56 Castle Age
30:20 Forging
33:16 Bow Saw
34:56 Masonry
37:21 Imperial Age
35:13 Husbandry
36:27 Chain Barding Armor
36:45 Iron Casting
36:18 Caravan
37:51 Wheelbarrow
37:58 Cavalier
39:59 Chivalry
41:05 Paladin
43:44 Gold Shaft Mining
47:33 Plate Barding Armor
48:01 Blast Furnace
Bambam87607
11:03 Feudal Age
11:38 Double-Bit Axe
14:24 Gold Mining
14:17 Horse Collar
19:01 Wheelbarrow
22:07 Castle Age
22:06 Bloodlines
22:07 Scale Barding Armor
22:14 Forging
22:04 Stone Mining
23:36 Husbandry
25:00 Chain Barding Armor
24:44 Town Watch
26:02 Bow Saw
27:27 Iron Casting
26:53 Pikeman
27:33 Squires
28:33 Hand Cart
29:47 Heavy Plow
32:55 Stone Shaft Mining
34:28 Ballistics
34:05 Murder Holes
34:20 Masonry
38:39 Arson
43:21 Imperial Age
42:50 Town Patrol
TheEmbraced
8:44 Loom
11:07 Feudal Age
18:19 Castle Age
17:23 Double-Bit Axe
17:22 Horse Collar
17:35 Gold Mining
17:36 Stone Mining
17:56 Stone Mining
31:48 Imperial Age
32:30 Yeomen
32:14 Padded Archer Armor
32:04 Fletching
32:33 Bow Saw
33:54 Gold Shaft Mining
33:27 Caravan
36:03 Leather Archer Armor
35:44 Bodkin Arrow
37:14 Chemistry
36:35 Ballistics
38:01 Ring Archer Armor
37:31 Bracer
38:53 Two-Man Saw
38:35 Wheelbarrow
37:46 Town Watch
38:05 Heavy Plow
39:03 Elite Longbowman
41:16 Conscription
41:37 Hoardings
41:04 Warwolf
40:29 Pikeman
41:10 Squires
41:21 Scale Mail Armor
41:32 Forging
41:51 Hand Cart
41:42 Town Patrol
41:29 Halberdier
44:13 Chain Mail Armor
44:34 Iron Casting
Connection lost

Rejoining the realm…

Still unreachable

The connection could not be restored.

Session expired

The server has moved on; the page needs a fresh start.